 Dungeon Crawl Stone Soup version 0.18.1-48-g4cf74bf (webtiles) character file.

100 Jerry the Firebug (level 4, -1/30 HPs)
             Began as a Demonspawn Fire Elementalist on Aug 11, 2016.
             Slain by Natasha (4 damage)
             ... on level 3 of the Dungeon.
             The game lasted 00:11:00 (2523 turns).

Jerry the Firebug (Demonspawn Fire Elementalist)    Turns: 2523, Time: 00:11:01

Health: -1/30      AC:  5    Str:  8    XL:     4   Next: 46%
Magic:  2/7        EV: 12    Int: 18    God:
Gold:   129        SH:  0    Dex: 13    Spells: 2 memorised, 4 levels left

rFire  . . .     SeeInvis .     r - +0 whip (curse)
rCold  . . .     Gourm    .     a - +0 robe
rNeg   . . .     Faith    .     (no shield)
rPois  .         Spirit   .     (no helmet)
rElec  .         Dismiss  .     (no cloak)
rCorr  .         Reflect  .     (no gloves)
SustAt .         Harm     .     (no boots)
MR     +....                    (no amulet)
Stlth  ++........               (no ring)
                                g - ring of protection from magic

@: somewhat resistant to hostile enchantments, unstealthy
A: slimy green scales 2
a: no special abilities


You were on level 3 of the Dungeon.
You were hungry.

You visited 1 branch of the dungeon, and saw 3 of its levels.

You collected 129 gold pieces.

Inventory:

Hand Weapons
 k - a +0 hunting sling
 r - a cursed +0 whip (weapon)
Missiles
 e - 30 stones (quivered)
Armour
 a - a +0 robe (worn)
Jewellery
 g - a ring of protection from magic (left hand)
Scrolls
 f - 2 scrolls of remove curse {unknown}
 h - a scroll of immolation {unknown}
 j - a scroll of amnesia {unknown}
 l - a scroll of teleportation {unknown}
 m - 2 scrolls of identify {unknown}
 n - a scroll of enchant weapon {unknown}
Potions
 i - a potion of heal wounds {unknown}
 p - a potion of curing {unknown}
 q - a potion of degeneration {unknown}
Books
 b - a book of Flames

   Spells                             Type                      Level
   a - Flame Tongue                   Conjuration/Fire             1
   b - Throw Flame                    Conjuration/Fire             2
   c - Conjure Flame                  Conjuration/Fire             3
   d - Inner Flame                    Hexes/Fire                   3
   e - Sticky Flame                   Conjuration/Fire             4
   f - Fireball                       Conjuration/Fire             5
Comestibles
 c - a bread ration
 d - a beef jerky
 o - a meat ration


   Skills:
 - Level 1.7 Dodging
 + Level 3.0 Stealth
 + Level 2.5 Spellcasting
 + Level 2.3 Conjurations
 + Level 3.2 Fire Magic


You had 4 spell levels left.
You knew the following spells:

 Your Spells              Type           Power        Failure   Level  Hunger
a - Flame Tongue          Conj/Fire      ##...        8%          1    #......
b - Conjure Flame         Conj/Fire      ##......     21%         3    ###....


Dungeon Overview and Level Annotations

Branches:
Dungeon (3/15)

Altars:
Fedhas
Qazlal

Annotations:
D:3 Natasha


Innate Abilities, Weirdness & Mutations

You are mostly covered in slimy green scales (AC +3).


Message History

Press: ? - help, Shift-Dir - straight line, f/p - Natasha
Aim: Natasha (lightly wounded)
The flame tongue misses Natasha.
Natasha claws you.
* * * LOW HITPOINT WARNING * * *
Casting: Flame Tongue
Confirm with . or Enter, or press ? or * to list all spells.
Aiming: Flame Tongue
Press: ? - help, Shift-Dir - straight line, f/p - Natasha
Aim: Natasha (lightly wounded)
The flame tongue misses Natasha.
Natasha claws you.
* * * LOW HITPOINT WARNING * * *
Casting: Flame Tongue
Confirm with . or Enter, or press ? or * to list all spells.
Aiming: Flame Tongue
Press: ? - help, Shift-Dir - straight line, f/p - Natasha
Aim: Natasha (lightly wounded)
The flame tongue hits Natasha.
Natasha is severely wounded.
Natasha claws you.
You die...

....... .......
.#......
(.....##
....#.(.
#.#.#..
#ยง#.#.#
.#.#.#.#.#.#
......!.@.>#
...#####h.##
.[......###.##.
###............
#+##
#.###.###.#..
..###.###.###.#
....#.........#
#...#####.#####
#...# #...#


You could see Natasha.

Vanquished Creatures
  Natasha (D:3)
  2 adders (D:1)
  A worm (D:2)
  2 dart slugs (D:1)
  2 giant geckos
  6 goblins
  7 hobgoblins
  5 jackals
  4 kobolds
  A quokka (D:2)
  7 bats
  3 giant newts
  5 rats
46 creatures vanquished.

Notes
Turn   | Place    | Note
--------------------------------------------------------------
     0 | D:1      | Jerry the Demonspawn Fire Elementalist began the quest for the Orb.
     0 | D:1      | Reached XP level 1. HP: 13/13 MP: 3/3
   574 | D:1      | Gained mutation: You are partially covered in slimy green scales (AC +2). [demonic ancestry]
   574 | D:1      | Reached XP level 2. HP: 17/19 MP: 3/5
   999 | D:1      | Gained mutation: You are mostly covered in slimy green scales (AC +3). [demonic ancestry]
   999 | D:1      | Reached XP level 3. HP: 11/24 MP: 6/6
  1573 | D:1      | Learned a level 3 spell: Conjure Flame
  2043 | D:2      | Reached XP level 4. HP: 30/30 MP: 7/7
  2072 | D:2      | Found a stormy altar of Qazlal.
  2085 | D:2      | Found a blossoming altar of Fedhas.
  2315 | D:3      | Noticed Natasha
  2330 | D:3      | HP: 1/30 [Natasha (4)]
  2332 | D:3      | Killed Natasha
  2517 | D:3      | Noticed Natasha
  2523 | D:3      | Slain by Natasha

Skill      XL: |  1  2  3  4 |
---------------+-------------+-----
Stealth        | 2 3 |  3.0
Conjurations   | 2 |  2.3
Fire Magic     | 3 |  3.2
Dodging        | |  1.7
Spellcasting   | |  2.5

Action                   |  1- 3 |  4- 6 || total
-------------------------+-------+-------++-------
Melee: Unarmed           |    33 |       ||    33
       Whip              |       |     6 ||     6
 Fire: Hunting sling     |    78 |    16 ||    94
 Cast: Flame Tongue      |    39 |    19 ||    58
       Conjure Flame     |     1 |     2 ||     3
  Eat: Chunk             |     4 |     1 ||     5
Armor: Robe              |    23 |     9 ||    32
Dodge: Dodged            |    65 |     9 ||    74
